 Dungeon Crawl Stone Soup version 0.29-a0-43-g62a80824bf (webtiles) character file.

Game seed: 10563574457250781480

58 crazypyro the Chopper (level 3, 0/29 HPs)
             Began as a Demonspawn Fighter on Feb 2, 2022.
             Killed from afar by Crazy Yiuf (5 damage)
             ... with a puff of flame
             ... on level 2 of the Dungeon.
             The game lasted 00:01:22 (891 turns).

crazypyro the Chopper (Demonspawn Fighter)           Turns: 891, Time: 00:01:23

Health: 0/29       AC:  7    Str: 18    XL:     3   Next: 76%
Magic:  3/3        EV: 13    Int:  9    God:
Gold:   39         SH:  4    Dex: 12    Spells: 2/2 levels left

rFire   . . .      SeeInvis .   a - +0 war axe
rCold   . . .      Faith    .   c - +0 buckler
rNeg    . . .      Spirit   .   b - +0 scale mail
rPois   .          Reflect  .   j - +0 helmet
rElec   .          Harm     .   (no cloak)
rCorr   .          Rampage  .   (no gloves)
Will    .....                   (no boots)
Stlth   ..........              (no amulet)
HPRegen 0.09/turn               f - +4 ring of evasion
MPRegen 0.08/turn               (no ring)

@: no status effects
A: icemail 1, condensation shield
a: no special abilities


You were on level 2 of the Dungeon.
You visited 1 branch of the dungeon, and saw 3 of its levels.

You collected 39 gold pieces.

Inventory:

Hand Weapons
 a - a +0 war axe (weapon)
Armour
 b - a +0 scale mail (worn)
 c - a +0 buckler (worn)
 j - a +0 helmet (worn)
Jewellery
 f - a +4 ring of evasion (left hand)
Scrolls
 e - 2 scrolls of identify {unknown}
 h - a scroll of immolation {unknown}
 i - a scroll of enchant armour {unknown}
Potions
 d - a potion of might
 g - a potion of curing {unknown}


   Skills:
 - Level 3.0 Fighting
 * Level 3.1 Axes
 - Level 2.6 Armour
 + Level 1.4 Dodging
 + Level 2.9 Shields


You had 2 spell levels left.
You didn't know any spells.
Your spell library was empty.

Dungeon Overview and Level Annotations

Branches:
Dungeon (3/15)

Altars:
Xom

Annotations:
D:2 Crazy Yiuf
D:3 1 runed translucent door


Innate Abilities, Weirdness & Mutations

A meltable icy envelope protects you from harm. (AC +0)
A meltable shield of frost defends you. (SH +0)


Message History

You climb downwards.
There is a stone staircase leading up here.
Found a runed translucent door.
(D) Dungeon
Where to? (Enter - D:3, ? - help)
There is a stone staircase leading up here.
You climb upwards.
There is a stone staircase leading down here.
You hit the fungus but do no damage. You slash the fungus!
The fungus begins to die.
You slash the fungus!
The fungus begins to die.
The fungus is lightly damaged.
You slash the fungus! You hit the fungus but do no damage.
The fungus is lightly damaged.
You hit the fungus.
A nearby fungus withers and dies. x2
You hit the fungus.
The fungus begins to die.
The fungus is lightly damaged.
You slash the fungus!
The fungus is lightly damaged.
You slash the fungus!
The fungus is lightly damaged.
A nearby fungus withers and dies.
Found a glowing mace.
Found a runed translucent door.
Crazy Yiuf waves his quarterstaff at you.
You open the door.
Crazy Yiuf twirls on the spot.
Crazy Yiuf zaps a wand.
The puff of flame misses you.
Crazy Yiuf whimpers, "Cards!"
Crazy Yiuf zaps a wand.
The puff of flame hits you!
Your icy defenses dissipate!
There is an open translucent door here.
You barely miss Crazy Yiuf.
Crazy Yiuf hits you with a +4 quarterstaff of chaos.
Crazy Yiuf zaps a wand.
The puff of flame hits you!
* * * LOW HITPOINT WARNING * * *
You closely miss Crazy Yiuf. You block Crazy Yiuf's attack.
You closely miss Crazy Yiuf.
Crazy Yiuf zaps a wand.
The puff of flame hits you.
You die...

##. #####.. #...... #########
#...... #.......# ##......
#.......# #....... #.......# ####
####.##.... #.......# #)..###
##P.#.#..... #.......#
#..g@.####P#......... ###.......#
#...##..#............ ..........#
#### ###.#...#..##... ..........#
###########.†. ..........#
#.###...
..........################.......
........................###......
.........>..#####.#.....# #......
..>..........####.#.....###......


You could see Crazy Yiuf.

Vanquished Creatures
  An adder (D:2)
  A gnoll (D:1)
  2 dart slugs (D:2)
  5 ball pythons
  2 bats
  An endoplasm (D:2)
  A giant cockroach (D:1)
  6 hobgoblins
  4 jackals (D:2)
  6 frilled lizards
  3 goblins
  2 kobolds (D:1)
  A rat (D:1)
35 creatures vanquished.

Vanquished Creatures (others)
  3 fungi (D:2)
3 creatures vanquished.

Grand Total: 38 creatures vanquished

Notes
Turn   | Place    | Note
-------+----------+-------------------------------------------
     0 | D:1      | crazypyro the Demonspawn Fighter began the quest for the
                  | Orb.
     0 | D:1      | Reached XP level 1. HP: 18/18 MP: 1/1
   187 | D:1      | Gained mutation: A meltable shield of frost defends you.
                  | (SH +0) [demonic ancestry]
   187 | D:1      | Reached XP level 2. HP: 22/24 MP: 2/2
   245 | D:1      | Reached skill level 1 in Dodging
   518 | D:2      | Gained mutation: A meltable icy envelope protects you from
                  | harm. (AC +0) [demonic ancestry]
   518 | D:2      | Reached XP level 3. HP: 29/29 MP: 3/3
   573 | D:2      | Found a shimmering altar of Xom.
   837 | D:3      | Found a runed translucent door.
   883 | D:2      | Found a runed translucent door.
   884 | D:2      | Noticed Crazy Yiuf
   891 | D:2      | Killed from afar by Crazy Yiuf

Illustrated notes

Levels and vault maps discovered:
D:1:      minmay_arrival_shoal_huts, layout_rooms
D:2:      layout_rooms, basic_altar, uniq_crazy_yiuf_cottage
D:3:      layout_loops_ring, nicolae_overflow_ecumenical_swirl,
          nicolae_hepliaklqana_ecumenical_no_more, ashenzari_altar_1, tgw_sif,
          ebering_ghost_sewer_f, basic_ecumenical_altar

Skill      XL: |  1  2  3 |
---------------+----------+-----
Axes           | 2 3 |  3.1
Dodging        | 1 |  1.4
Fighting       | |  3.0
Armour         | |  2.6
Shields        | |  2.9

Action                   || total
-------------------------++-------
Melee: War axe           ||    87
Armor: Scale mail        ||    28
Dodge: Dodged            ||    39
Block: Buckler           ||    48

Table legend: (Time is in decaauts)
 A = Elapsed time spent in this place.
 B = Non-inter-level travel time spent in this place.
 C = Inter-level travel time spent in this place.
 D = Time resting spent in this place.
 E = Time spent auto-exploring this place.
 F = Levels seen in this place.
 G = Mean time per level.
                   A        B        C        D        E       F      G
               +--------+--------+--------+--------+--------+-----+--------+
         Total |    928 |    863 |     65 |      0 |    630 |   3 |  309.3 |
       Dungeon |    928 |    863 |     65 |      0 |    630 |   3 |  309.3 |
               +--------+--------+--------+--------+--------+-----+--------+

Top non-repeatable levels by time:
     D:1: 521 daAuts
     D:2: 384 daAuts
     D:3: 22 daAuts
